 Dungeon Crawl Stone Soup version 0.29.1-1-gd02db6906a (webtiles) character file.

Game seed: 12275877425220470256

228 H0rd4k the Insei (level 6, -2/38 HPs)
             Began as an Octopode Transmuter on Oct 19, 2022.
             Splashed by a jelly's acid (6 damage)
             ... on level 5 of the Dungeon.
             The game lasted 00:05:05 (5461 turns).

H0rd4k the Insei (Octopode Transmuter)              Turns: 5461, Time: 00:05:05

Health: -2/38      AC: -7    Str:  9    XL:     6   Next: 2%
Magic:  0/10       EV: 13    Int: 17    God:
Gold:   193        SH:  0    Dex: 13    Spells: 9/10 levels left

rFire   . . .      SeeInvis .     - Unarmed
rCold   . . .      Faith    .   (no shield)
rNeg    . . .      Spirit   +   (helmet currently unavailable)
rPois   +          Reflect  .   i - amulet of guardian spirit
rElec   .          Harm     .   t - ring of poison resistance
rCorr   .          Rampage  .   (no ring)
Will    .....                   (no ring)
Stlth   ++........              (no ring)
HPRegen 0.12/turn               (no ring)
MPRegen 0.12/turn               (no ring)
                                (no ring)
                                (no ring)

@: appendages, corroded
A: tentacle spike 3, almost no armour, amphibious, 8 rings, camouflage 1,
gelatinous body 1, (nimble swimmer 1), tentacles
a: End Transformation


You were on level 5 of the Dungeon.
One of your tentacles had grown a beastly spike.
You visited 1 branch of the dungeon, and saw 5 of its levels.

You collected 193 gold pieces.

Inventory:

Jewellery
 f - an amulet of faith
 i - an amulet of guardian spirit (around mantle)
 t - a ring of poison resistance (left tentacle)
Scrolls
 b - 2 scrolls of noise {unknown}
 e - 2 scrolls of magic mapping {unknown}
 h - 2 scrolls of enchant armour {unknown}
 l - a scroll of torment {unknown}
 n - 3 scrolls of teleportation {unknown}
 o - a scroll of enchant weapon {unknown}
 q - 2 scrolls of identify {unknown}
 r - a scroll of vulnerability {unknown}
 u - a scroll of brand weapon {unknown}
Potions
 a - 3 potions of lignification
 c - 2 potions of heal wounds {unknown}
 d - 2 potions of berserk rage {unknown}
 g - a potion of degeneration {unknown}
 j - 2 potions of resistance {unknown}
 k - a potion of might {unknown}
 m - 4 potions of attraction {unknown}
 p - a potion of curing
 s - a potion of cancellation {unknown}


   Skills:
 + Level 1.5 Fighting
 + Level 2.9 Dodging
 + Level 5.2 Unarmed Combat
 + Level 2.8 Spellcasting
 + Level 2.6 Transmutations


You had 9 spell levels left.
You knew the following spells:

 Your Spells              Type           Power      Damage    Failure   Level
a - Beastly Appendage     Tmut           22%        N/A       6%          1

Your spell library contained the following spells:

 Spells                   Type           Power      Damage    Failure   Level
 Wereblood                Tmut           11%        N/A       10%         2
 Apportation              Tloc           4%         N/A       19%         1
 Necrotise                Necr           8%         1d4       19%         1
 Summon Small Mammal      Summ           8%         N/A       19%         1
 Spider Form              Tmut/Pois      6%         N/A       30%         3
 Vampiric Draining        Necr           2%         2d6       47%         3
 Ice Form                 Ice/Tmut       6%         N/A       71%         4
 Agony                    Necr           2%         N/A       99%         5


Dungeon Overview and Level Annotations

Branches:
Dungeon (5/15)
 Temple: D:4-7

Altars:
Vehumet

Shops:
D:2 ![

Annotations:
D:4 exclusions: jelly and orc
D:5 exclusions: ogre and upstairs


Innate Abilities, Weirdness & Mutations

One of your tentacles has grown a beastly spike.
You cannot wear most types of armour.
You are amphibious.
You can wear up to eight rings at the same time.
Your skin changes colour to match your surroundings (Stealth+).
Your rubbery body absorbs attacks. (AC +1, EV +1)
((You are camouflaged when in or above water. (Stealth+)))
You have tentacles for arms and can constrict up to eight enemies at once.


Message History

Found a scroll labelled FENNA UQUERAVEMERE and a scroll labelled SYMIOM SAISA.
You see here 4 stones.
You now have 193 gold pieces (gained 13).
There are no items here.
There is a stone staircase leading up here.
You open the door.
An iguana comes into view.
Found a scale mail.
The jelly quivers.
You open the door.
There is an open door here.
Casting: Beastly Appendage (safe; 6% risk of failure)
Confirm with . or Enter, or press ? or * to list all spells.
One of your tentacles grows a vicious spike.
You tentacle-slap the jelly.
Your tentacles burn!
You tentacle-slap the jelly, but do no damage.
The jelly is lightly wounded.
The jelly hits you. The acid corrodes you!
You are splashed with acid!
You tentacle-slap the jelly. The acid corrodes you!
Your tentacles burn!
You pierce the jelly, but do no damage.
The jelly is moderately wounded.
The jelly hits you.
You are splashed with acid!
You tentacle-slap the jelly.
Your tentacles burn!
You pierce the jelly, but do no damage.
You squeeze the jelly.
The jelly is heavily wounded.
The jelly hits you.
You are splashed with acid.
You tentacle-slap the jelly.
Your tentacles burn!
* * * LOW HITPOINT WARNING * * *
You pierce the jelly, but do no damage.
The jelly is heavily wounded.
You tentacle-slap the jelly but do no damage.
Your tentacles burn!
* * * LOW HITPOINT WARNING * * *
You pierce the jelly, but do no damage.
You squeeze the jelly, but do no damage.
The jelly is heavily wounded.
The jelly hits you.
* * * LOW HITPOINT WARNING * * *
You are splashed with acid!
You die...

#...# #####'#####......#####
#...###...........####.....#
......#...........#..#.....# ##
......#...........'l.#.....#####.
......#...........#..#.....#...#.
......#...........# [#.....#..>'.
##...##...........# #.....#...#.
##...#.......###J## #.....#...#.
.....#.......#..@+ #.....##'###
.....# .... #...# #...........
##.. .. ##### #.....<..... ## . .
######...... .+ #...... .#
#...†.. ##...# #...... ##...#
#..!... .#...# #......


You could see a jelly.

Vanquished Creatures
  A jelly (D:4)
  A hound (D:5)
  7 adders
  An ufetubus (D:4)
  A worm (D:2)
  4 dart slugs
  8 orcs
  8 ball pythons
  8 endoplasms
  4 giant cockroaches
  5 goblins (D:1)
  9 hobgoblins
  4 quokkas
  8 bats
  2 frilled lizards
  6 kobolds
  4 rats
  A spectral kobold (D:1)
82 creatures vanquished.

Notes
Turn   | Place    | Note
-------+----------+-------------------------------------------
     0 | D:1      | H0rd4k the Octopode Transmuter began the quest for the Orb.
     0 | D:1      | Reached XP level 1. HP: 13/13 MP: 3/3
   189 | D:1      | Reached XP level 2. HP: 18/18 MP: 5/5
   392 | D:1      | Found a faded altar of an unknown god.
   878 | D:1      | Reached XP level 3. HP: 23/23 MP: 6/6
  1284 | D:2      | Found Riteaned's Armour Shoppe.
  1300 | D:2      | Reached skill level 4 in Unarmed Combat
  1367 | D:2      | Found Renwupp's Distillery.
  1941 | D:2      | Reached XP level 4. HP: 28/28 MP: 7/7
  3957 | D:4      | Reached XP level 5. HP: 33/33 MP: 6/8
  4556 | D:5      | Entered Level 5 of the Dungeon
  4581 | D:4      | Reached skill level 5 in Unarmed Combat
  4944 | D:4      | Found a radiant altar of Vehumet.
  5289 | D:5      | Noticed an ogre
  5346 | D:5      | Reached XP level 6. HP: 37/38 MP: 8/10
  5461 | D:5      | Splashed by a jelly's acid

Illustrated notes

Levels and vault maps discovered:
D:1:      shiori_arrival_whats_in_store_for_you, layout_basic,
          dreamdust_ecumenical_altar_drowned_temple, serial_corexii_hall,
          corexii_hall_statues_x, chequers_hall_statues_wall_a
D:2:      layout_loops_ring, serial_shops, nicolae_shop_hallway_stairs, shop,
          minmay_cupped
D:3:      layout_basic
D:4:      layout_basic, nicolae_vehumet_altar_sigil, serial_corexii_hall,
          chequers_hall_statues_y, chequers_hall_statues_corner_a,
          corexii_hall_statues_i
D:5:      layout_gridville

Skill      XL: |  1  2  3  4  5 |
---------------+----------------+-----
Unarmed Combat | 4 5 |  5.2
Fighting       | |  1.5
Dodging        | |  2.9
Spellcasting   | |  2.8
Transmutations | |  2.6

Action                   |  1- 3 |  4- 6 || total
-------------------------+-------+-------++-------
Melee: Unarmed           |    91 |   123 ||   214
       Tentacles         |    23 |    20 ||    43
       Constrict         |    17 |    29 ||    46
       Punch             |     2 |     5 ||     7
       Kick              |     1 |    24 ||    25
 Cast: Beastly Appendage |     1 |    18 ||    19
  Use: Potion            |     1 |       ||     1
 Stab: Sleeping          |    10 |     3 ||    13
Armor: Skin              |     6 |     9 ||    15
Dodge: Dodged            |    49 |    68 ||   117
